 Dungeon Crawl Stone Soup version 0.29.1-2-gbd0b4ee654 (webtiles) character file.

Game seed: 3129927779623470310

116 bullfish the Shooter (level 5, -3/30 HPs)
             Began as a Kobold Hunter on Nov 17, 2022.
             Slain by Terence
             ... wielding a +0 falchion
              (9 damage)
             ... on level 3 of the Dungeon.
             The game lasted 00:08:23 (2919 turns).

bullfish the Shooter (Kobold Hunter)                Turns: 2919, Time: 00:08:23

Health: -3/30      AC:  5    Str:  8    XL:     5   Next: 20%
Magic:  5/5        EV: 14    Int: 10    God:
Gold:   62         SH:  0    Dex: 21    Spells: 4/4 levels left

rFire   . . .      SeeInvis .   b - +0 dagger
rCold   . . .      Faith    .   (no shield)
rNeg    . . .      Spirit   .   c - +1 leather armour
rPois   .          Reflect  .   (no helmet)
rElec   .          Harm     .   (no cloak)
rCorr   .          Rampage  .   n - +0 pair of gloves
Will    .....                   (no boots)
Stlth   ++++......              (no amulet)
HPRegen 0.10/turn               (no ring)
MPRegen 0.09/turn               (no ring)

@: about to teleport
A: small, no large weapons, nightstalker 3
a: no special abilities


You were on level 3 of the Dungeon.
You visited 1 branch of the dungeon, and saw 3 of its levels.

You collected 62 gold pieces.

Inventory:

Hand Weapons
 a - a +0 shortbow
 b - a +0 dagger (weapon)
Missiles
 p - 3 poisoned darts
Armour
 c - a +1 leather armour (worn)
 f - an orb of mayhem
 n - a +0 pair of gloves (worn)
Jewellery
 d - an amulet of the acrobat
 i - a ring of flight
Scrolls
 e - a scroll of immolation
 q - a scroll of enchant weapon {unknown}
 r - a scroll of blinking {unknown}
 s - a scroll of identify
Potions
 g - a potion of brilliance {unknown}
 h - 3 potions of curing {unknown}
 j - 2 potions of heal wounds {unknown}
 k - a potion of might {unknown}


   Skills:
 - Level 2.1 Fighting
 + Level 6.8 Ranged Weapons
 - Level 2.4 Dodging
 + Level 4.7 Stealth


You had 4 spell levels left.
You didn't know any spells.
Your spell library contained the following spells:

 Spells                   Type           Power      Damage    Failure   Level
 Ozocubu's Armour         Ice            0%         N/A       86%         3
 Ozocubu's Refrigeration  Ice            0%         4d7       100%        7


Dungeon Overview and Level Annotations

Branches:
Dungeon (3/15)

Altars:
Dithmenos

Shops:
D:1 (:!   D:2 (

Annotations:
D:3 Terence


Innate Abilities, Weirdness & Mutations

You are small and have problems with some larger weapons.
You are completely attuned to the shadows.


Message History

Terence attacks as you move away! Terence barely misses you.
Terence closely misses you.
Unknown command.
Terence misses you. Terence attacks as you move away!
Terence hits you with a +0 falchion. Terence attacks as you move away!
Terence misses you. Terence attacks as you move away!
Terence barely misses you.
There is a stone staircase leading down here.
Okay, then.
b - a +0 dagger (weapon)
You barely miss Terence. Terence barely misses you.
You hit Terence but do no damage. Terence hits you with a +0 falchion!
You hit Terence.
Terence is lightly wounded.
Terence barely misses you.
You hit Terence but do no damage.
Terence is lightly wounded.
Terence hits you with a +0 falchion!
You barely miss Terence.
Terence is lightly wounded.
Terence hits you with a +0 falchion.
* * * LOW HITPOINT WARNING * * *
You closely miss Terence.
Terence is lightly wounded.
Terence completely misses you.
As you read the scroll labelled CIATOTO PARI, it crumbles to dust.
The scroll dissolves into smoke.
It was a scroll of fog.
Terence barely misses you. Terence closely misses you.
As you read the scroll labelled JOMNUH OJOESS, it crumbles to dust.
It is a scroll of enchant armour.
Your +0 leather armour glows green for a moment.
Terence hits you but does no damage.
As you read the scroll labelled GYPNOHEB WEWA, it crumbles to dust.
You feel strangely unstable.
It was a scroll of teleportation.
Terence hits you with a +0 falchion.
* * * LOW HITPOINT WARNING * * *
Unknown command.
Terence attacks as you move away! Terence hits you with a +0 falchion!
You die...

#..........#...####.#
##............### #.##
.......§.....### #..#
.....§.§§...## ##.# #
#.....§§§§§.## #.# ## .
#..†..§§§§### #.# #.
...##.....§§§§.### #.# #.
..........§§§§§..######## #.####.
...##.....§§§§#@@.......###....#.
.....###.########....[...........
...#..##.#### #................
## ##.##....# #................
#.##....# #................
#..#....#####...........##...
###.#....................#....
..............#...........#.#..
............................##.


You could see Terence.

Vanquished Creatures
  A hound (D:3)
  3 adders (D:2)
  4 worms (D:2)
  2 dart slugs
  An orc (D:2)
  6 endoplasms
  A giant cockroach (D:3)
  2 goblins
  6 hobgoblins
  3 kobolds (D:1)
  A quokka (D:1)
  6 ball pythons
  2 bats
  A frilled lizard (D:3)
  7 rats
46 creatures vanquished.

Vanquished Creatures (others)
  A plant (D:2)
1 creature vanquished.

Grand Total: 47 creatures vanquished

Notes
Turn   | Place    | Note
-------+----------+-------------------------------------------
     0 | D:1      | bullfish the Kobold Hunter began the quest for the Orb.
     0 | D:1      | Reached XP level 1. HP: 12/12 MP: 1/1
   334 | D:1      | Reached XP level 2. HP: 17/17 MP: 2/2
   375 | D:1      | Found Egiaplot's Weapon Boutique.
   423 | D:1      | Found Ylax's Book Emporium.
   543 | D:1      | Found Osautseu's Antique Weapon Shop.
   728 | D:1      | Found Viups's Distillery.
   964 | D:2      | Reached skill level 6 in Ranged Weapons
   964 | D:2      | Reached XP level 3. HP: 21/21 MP: 3/3
  1090 | D:2      | Found a shadowy altar of Dithmenos.
  1123 | D:2      | Reached XP level 4. HP: 22/26 MP: 4/4
  1860 | D:2      | Found Pukeorchu's Weapon Shop.
  2767 | D:3      | Reached XP level 5. HP: 24/30 MP: 5/5
  2892 | D:3      | Noticed Terence
  2919 | D:3      | Slain by Terence

Illustrated notes

Levels and vault maps discovered:
D:1:      spicycebolla_arrival_ecumenical, layout_basic, serial_shops, shop,
          nicolae_shop_bloodbath_and_beyond, shop, nicolae_shop_trees,
          chequers_serial_rivers_micro_e
D:2:      layout_loops_corners, serial_forest, infiniplex_forest_clump_C,
          infiniplex_forest_clump_small, infiniplex_forest_join,
          infiniplex_forest_lined_ring, infiniplex_forest_clump_double,
          infiniplex_forest_lined_1, infiniplex_forest_clump_tiny,
          infiniplex_forest_clump_small, serial_shops,
          nicolae_shop_window_shopping, basic_altar
D:3:      layout_rooms, makhleb_altar_promises_db, serial_shops,
          nicolae_shop_competitors_out_of_business, reono_crystal_passage,
          kennysheep_generic_room_16, uniq_natasha, uniq_terence

Skill      XL: |  1  2  3  4 |
---------------+-------------+-----
Stealth        | 2 3 4 |  4.7
Ranged Weapons | 6 |  6.8
Fighting       | |  2.1
Dodging        | |  2.4

Action                   |  1- 3 |  4- 6 || total
-------------------------+-------+-------++-------
Melee: Dagger            |       |    20 ||    20
 Fire: Shortbow          |    60 |    60 ||   120
  Use: Scroll            |     2 |     3 ||     5
       Potion            |       |     1 ||     1
Armor: Leather armour    |     4 |    11 ||    15
Dodge: Dodged            |    19 |    31 ||    50
